 Dungeon Crawl Stone Soup version 0.29-a0-1047-g7c58e119a4 (webtiles) character file.

Game seed: 6460282457460912228

2 siradein the Trooper (level 1, 0/19 HPs)
             Began as a Ghoul Monk on Aug 16, 2022.
             Slain by a ball python (2 damage)
             ... on level 1 of the Dungeon.
             The game lasted 00:00:15 (63 turns).

siradein the Trooper (Ghoul Monk)                     Turns: 63, Time: 00:00:16

Health: 0/19       AC:  2    Str: 14    XL:     1   Next: 30%
Magic:  0/0        EV: 12    Int:  5    God:
Gold:   18         SH:  0    Dex: 11    Spells: 0/0 levels left

rFire   . . .      SeeInvis .     - Unarmed
rCold   + . .      Faith    .   (no shield)
rNeg    + + +      Spirit   .   a - +0 robe
rPois   ∞          Reflect  .   (no helmet)
rElec   .          Harm     .   (no cloak)
rCorr   .          Rampage  .   (no gloves)
Will    .....                   (no boots)
Stlth   ++........              (no amulet)
HPRegen 0.00/turn               (no ring)
MPRegen 0.07/turn               (no ring)

@: inhibited regen
A: claws 1, cold resistance 1, negative energy resistance 3, inhibited
regeneration, torment resistance 2, devour on kill
a: no special abilities


You were on level 1 of the Dungeon.
You visited 1 branch of the dungeon, and saw 1 of its levels.

You collected 18 gold pieces.

Inventory:

Armour
 a - a +0 robe (worn)
Potions
 b - a potion of ambrosia


   Skills:
 + Level 3.3 Fighting
 - Level 2.6 Dodging
 - Level 2.1 Stealth
 + Level 3.3 Unarmed Combat


You couldn't memorise any spells.
You didn't know any spells.
Your spell library was empty.

Dungeon Overview and Level Annotations

Branches:
Dungeon (1/15)

Altars:

Annotations:
D:1 2 transporters


Innate Abilities, Weirdness & Mutations

You are immune to poison.
You have sharp fingernails.
Your flesh is cold resistant. (rC+)
You are immune to negative energy. (rN+++)
You do not regenerate when monsters are visible.
You are immune to unholy pain and torment.
You thrive by killing the living.


Message History

A quokka is nearby!
A quokka is nearby!
A ball python comes into view.
A ball python comes into view.
The ball python hisses angrily.
You closely miss the quokka. The quokka misses you.
You completely miss the quokka. The quokka bites you.
You barely miss the ball python. The quokka misses you.
The ball python bites you but does no damage.
The ball python misses you.
You barely miss the ball python.
The ball python hisses angrily.
The quokka misses you. The ball python bites you. The ball python grabs you.
The ball python constricts you.
You closely miss the ball python. The quokka bites you.
The ball python closely misses you. The ball python constricts you.
You barely miss the ball python. The ball python bites you.
The quokka closely misses you. The ball python bites you.
The ball python constricts you.
You are too injured to fight recklessly!
You are too injured to fight recklessly!
You are too injured to fight recklessly!
You escape the ball python's grasp.
The quokka misses you. The ball python bites you.
The ball python closely misses you. The ball python barely misses you. x2
The quokka attacks as you move away! The quokka bites you.
* * * LOW HITPOINT WARNING * * *
The ball python bites you but does no damage.
The ball python grabs you. The ball python constricts you.
* * * LOW HITPOINT WARNING * * *
The quokka bites you but does no damage.
You escape the ball python's grasp.
The ball python attacks as you move away!
The ball python bites you.
* * * LOW HITPOINT WARNING * * *
The ball python closely misses you. The quokka barely misses you.
The ball python attacks as you move away!
The ball python bites you.
You die...

........# ...###..
........###.# ..#.########
.~~≈~......)###..........#
≈.≈≈≈~...................#
≈≈.≈≈≈.......# #.........#
~.~≈≈≈.......# #.........#
...~~≈.......# ##........#
©<©.~≈.......# #SrS.....#
.⌠.~~≈.......###@##.....#
~~~~≈≈..................#
≈≈≈≈≈~.............######
≈≈≈≈≈........†#...##
~≈≈≈≈........##...#
~≈≈≈~........##...##
~≈≈~....####>......#
≈≈≈≈...## #.......#
≈≈≈≈....# #....|..#


You could see a quokka and 2 ball pythons.

Vanquished Creatures
  A quokka (D:1)
  A kobold (D:1)
2 creatures vanquished.

Notes
Turn   | Place    | Note
-------+----------+-------------------------------------------
     0 | D:1      | siradein the Ghoul Monk began the quest for the Orb.
     0 | D:1      | Reached XP level 1. HP: 19/19 MP: 0/0
    63 | D:1      | Slain by a ball python

Illustrated notes

Levels and vault maps discovered:
D:1:      spicycebolla_arrival_transporter_tutorial, layout_rooms

Action                   || total
-------------------------++-------
Melee: Unarmed           ||    10
Armor: Robe              ||     3
Dodge: Dodged            ||    16

Table legend: (Time is in decaauts)
 A = Elapsed time spent in this place.
 B = Non-inter-level travel time spent in this place.
 C = Inter-level travel time spent in this place.
 D = Time resting spent in this place.
 E = Time spent auto-exploring this place.
 F = Levels seen in this place.
 G = Mean time per level.
                   A        B        C        D        E       F      G
               +--------+--------+--------+--------+--------+-----+--------+
         Total |     63 |     63 |      0 |      0 |     33 |   1 |   63.0 |
       Dungeon |     63 |     63 |      0 |      0 |     33 |   1 |   63.0 |
               +--------+--------+--------+--------+--------+-----+--------+

Top non-repeatable levels by time:
     D:1: 63 daAuts
